 Dungeon Crawl Stone Soup version 0.20.0-6-gd3061e9 (console) character file.

45 removed the Digger (level 3, 9/19 HPs)
             Began as a Vine Stalker Earth Elementalist on May 28, 2017.
             Quit the game on level 2 of the Dungeon.
             The game lasted 00:01:25 (732 turns).

removed the Digger (Vine Stalker Earth Elementalist) Turns: 732, Time: 00:01:26

Health: 9/19       AC:  6    Str: 14    XL:     3   Next: 64%
Magic:  7/7        EV:  6    Int: 15    God:
Gold:   64         SH:  0    Dex: 14    Spells: 5/6 levels left

rFire    . . .     SeeInvis .   i - +0 dagger
rCold    . . .     Gourm    .   (no shield)
rNeg     + . .     Faith    .   n - +1 chain mail {rN+}
rPois    .         Spirit   +   (no helmet)
rElec    .         Reflect  .   (no cloak)
rCorr    .         Harm     .   (no gloves)
MR       .....                  (no boots)
Stlth    ..........             (no amulet)
Regen    0.1/turn               j - -3 ring of protection (curse)
MPRegen  0.1/turn               m - +3 ring of strength

@: no status effects
A: fangs 2, magic shield, antimagic bite, no potion heal 3, rot immunity
a: no special abilities


You were on level 2 of the Dungeon.
You were not hungry.

You visited 1 branch of the dungeon, and saw 2 of its levels.

You collected 64 gold pieces.

Inventory:

Hand Weapons
 i - a +0 dagger (weapon)
Missiles
 b - 55 stones (quivered)
Armour
 c - a +0 robe
 f - a +0 scale mail
 n - a +1 chain mail of positive energy (worn)
Jewellery
 j - a cursed -3 ring of protection (left hand)
 m - a +3 ring of strength (right hand)
Scrolls
 g - a scroll of blinking {unknown}
 k - a scroll of recharging {unknown}
 l - a scroll of amnesia {unknown}
Books
 e - a book of Geomancy

   Spells                             Type                      Level
   a - Sandblast                      Earth                        1
   b - Passwall                       Transmutation/Earth          2
   c - Stone Arrow                    Conjuration/Earth            3
   d - Petrify                        Transmutation/Earth          4
   e - Lee's Rapid Deconstruction     Earth                        5
Comestibles
 d - a bread ration


   Skills:
 + Level 2.8 Fighting
 - Level 1.5 Dodging
 - Level 2.4 Stealth
 - Level 2.1 Spellcasting
   Level 1.0 Transmutations
 - Level 3.0 Earth Magic


You had 5 spell levels left.
You knew the following spells:

 Your Spells              Type           Power        Failure   Level  Hunger
a - Sandblast             Erth           ##....       89%         1    #......


Dungeon Overview and Level Annotations

Branches:
Dungeon (2/15)

Altars:


Innate Abilities, Weirdness & Mutations

You have extremely sharp teeth.
When hurt, damage is shared between your health and your magic reserves.
Your bite disrupts and absorbs the magic of your enemies.
Potions cannot restore your health.
You are immune to rotting.


Message History

You are too injured to fight recklessly!
You are too injured to fight recklessly!
The goblin hits you but does no damage.
Your chain mail prevents you from hitting the goblin.
You bite the goblin. You drain its power.
The goblin is heavily wounded.
The goblin hits you but does no damage.
You hit the goblin.
You kill the goblin!
Things that are here:
a dagger; a goblin corpse
Found a bread ration and 12 gold pieces.
Found a stone staircase leading up.
A goblin comes into view. It is wielding a dagger.
The goblin shouts!
A goblin is nearby!
A goblin is nearby!
Quiver which item? (- for none, * to show all) (? for menu, Esc to quit)
Okay, then.
Are you sure you want to abandon this character and quit the game? (Confirm with "yes".)

##.# #.## ##..### ##..#
#.....# ###.# #.<...#
###.# #.....# ..#.####
#.....## #...>).#
#......# ##.###.##
#....$.# #...#..###
#...@..#...
###..#...###...........
##.###..###.####..... #
#.####..##.## ..g.
#####.#..>......# ###
....#.#........<.....
###..............###. #
###..............# #
###..........#..%


You could see a goblin.

Vanquished Creatures
  2 adders (D:2)
  A dart slug (D:2)
  2 leopard geckos (D:2)
  2 giant cockroaches
  2 goblins (D:2)
  2 hobgoblins (D:2)
  4 jackals (D:2)
  A quokka (D:2)
  4 frilled lizards (D:2)
  A kobold (D:2)
  2 rats (D:2)
23 creatures vanquished.

Notes
Turn   | Place    | Note
-------+----------+-------------------------------------------
     0 | D:1      | removed the Vine Stalker Earth Elementalist began the quest for the Orb.
     0 | D:1      | Reached XP level 1. HP: 9/9 MP: 4/4
    80 | D:1      | You fall through a shaft!
   138 | D:2      | Reached skill level 1 in Fighting
   146 | D:2      | Reached XP level 2. HP: 11/14 MP: 6/6
   228 | D:2      | Reached XP level 3. HP: 5/19 MP: 2/7
   732 | D:2      | Quit the game

Skill      XL: |  1  2 |
---------------+-------+-----
Fighting       | 1 2 |  2.8
Dodging        | |  1.5
Stealth        | |  2.4
Spellcasting   | |  2.1
Transmutations | |  1.0
Earth Magic    | |  3.0

Action                   || total
-------------------------++-------
Melee: Unarmed           ||    34
       Bite              ||    39
       Dagger            ||   105
  Use: Potion            ||     1
Armor: Scale mail        ||    68
Dodge: Dodged            ||    68
